 Dungeon Crawl Stone Soup version 0.18.1-8-gdd0e5ea (webtiles) character file.

65 epen the Insei (level 3, 0/26 HPs)
             Began as a Demonspawn Transmuter on May 21, 2016.
             Slain by a giant cockroach (1 damage)
             ... on level 3 of the Dungeon.
             The game lasted 00:05:20 (2243 turns).

epen the Insei (Demonspawn Transmuter)              Turns: 2243, Time: 00:05:21

Health: 0/26       AC:  2    Str: 15    XL:     3   Next: 92%
Magic:  6/6        EV: 12    Int: 15    God:
Gold:   67         SH:  0    Dex: 15    Spells: 3 memorised, 0 levels left

rFire  . . .     SeeInvis .       - Unarmed
rCold  . . .     Gourm    .     b - +0 robe
rNeg   . . .     Faith    .     (no shield)
rPois  .         Spirit   .     (helmet restricted)
rElec  .         Dismiss  .     (no cloak)
rCorr  .         Reflect  .     (no gloves)
SustAt .         Harm     .     (no boots)
MR     .....                    q - amulet of inaccuracy (curse)
Stlth  ++........               (no ring)
                                (no ring)

@: mighty, not resistant to hostile enchantments, unstealthy
A: horns 1, thin skeletal structure 1
a: no special abilities


You were on level 3 of the Dungeon.
You were very hungry.

You visited 1 branch of the dungeon, and saw 3 of its levels.

You collected 67 gold pieces.

Inventory:

Missiles
 a - 12 arrows
Armour
 b - a +0 robe (worn)
Jewellery
 h - an uncursed amulet of magic regeneration
 q - a cursed amulet of inaccuracy (around neck)
Scrolls
 g - 2 scrolls of identify
 j - a scroll of random uselessness
Potions
 e - a potion of brilliance {unknown}
 k - a potion of heal wounds {unknown}
 o - a potion of might
 p - a potion of flight {unknown}
Books
 c - a book of Changes

   Spells                             Type                      Level
   a - Beastly Appendage              Transmutation                1
   b - Sticks to Snakes               Transmutation                2
   c - Spider Form                    Transmutation/Poison         3
   d - Ice Form                       Ice/Transmutation            4
   e - Blade Hands                    Transmutation                5
Comestibles
 d - 3 bread rations
 f - 2 meat rations
 i - a slice of pizza
 m - 13 fruits
 n - a royal jelly


   Skills:
 + Level 1.5 Fighting
 + Level 2.1 Dodging
 * Level 3.0 Unarmed Combat
 + Level 2.3 Spellcasting
 * Level 2.9 Transmutations


You couldn't memorise any spells.
You knew the following spells:

 Your Spells              Type           Power        Failure   Level  Hunger
a - Beastly Appendage     Trmt           ##....       8%          1    #......
b - Sticks to Snakes      Trmt           ##......     12%         2    ###....
c - Spider Form           Trmt/Pois      #.........   34%         3    ###....


Dungeon Overview and Level Annotations

Branches:
Dungeon (3/15)

Altars:


Innate Abilities, Weirdness & Mutations

You have a pair of small horns on your head.
You have a somewhat thin skeletal structure (Dex +2, Stealth).


Message History

You hit the giant cockroach.
The giant cockroach is severely wounded.
The giant cockroach barely misses you. The hobgoblin hits you.
* * * LOW HITPOINT WARNING * * *
The giant cockroach bites you but does no damage.
Drink which item? (? for menu, Esc to quit)
It was a potion of might.
You feel very mighty all of a sudden.
The hobgoblin hits you but does no damage.
The giant cockroach bites you.
* * * LOW HITPOINT WARNING * * *
Drink which item? (? for menu, Esc to quit)
Okay, then.
You barely miss the giant cockroach.
The giant cockroach is severely wounded.
The hobgoblin closely misses you. The giant cockroach barely misses you.
You miss the giant cockroach.
The giant cockroach is severely wounded.
The hobgoblin misses you. The giant cockroach bites you.
You die...

## ##...#####
......s@.#
##...###g# ##
#S# #.# #$#
####.#####
#.<..>...#
.......##...#.#
###.... ....#


You could see an adder, a giant cockroach and a hobgoblin.

Vanquished Creatures
  2 adders (D:2)
  2 oozes
  A worm (D:2)
  A ball python (D:1)
  11 bats
  3 giant cockroaches
  2 goblins
  2 hobgoblins (D:1)
  2 giant newts
  7 kobolds
  7 rats
40 creatures vanquished.

Notes
Turn   | Place    | Note
--------------------------------------------------------------
     0 | D:1      | epen the Demonspawn Transmuter began the quest for the Orb.
     0 | D:1      | Reached XP level 1. HP: 15/15 MP: 3/3
   416 | D:1      | Gained mutation: You have a somewhat thin skeletal structure (Dex +2, Stealth). [demonic ancestry]
   416 | D:1      | Reached XP level 2. HP: 12/21 MP: 5/5
   569 | D:1      | Learned a level 2 spell: Sticks to Snakes
  1211 | D:2      | Gained mutation: You have a pair of small horns on your head. [demonic ancestry]
  1211 | D:2      | Reached XP level 3. HP: 10/26 MP: 6/6
  1425 | D:2      | Learned a level 3 spell: Spider Form
  1949 | D:2      | Reached skill level 3 in Unarmed Combat
  2241 | D:3      | HP: 1/26 [giant cockroach (1)]
  2243 | D:3      | Slain by a giant cockroach

Skill      XL: |  1  2  3 |
---------------+----------+-----
Transmutations | 2 |  2.9
Dodging        | 2 |  2.1
Unarmed Combat | 3 |  3.0
Fighting       | |  1.5
Spellcasting   | |  2.3

Action                   || total
-------------------------++-------
Melee: Unarmed           ||   202
       Headbutt          ||     8
       Punch             ||     1
 Cast: Beastly Appendage ||     1
  Use: Scroll            ||     5
       Potion            ||     3
 Stab: Sleeping          ||     5
  Eat: Chunk             ||     3
Armor: Robe              ||    52
Dodge: Dodged            ||   178
